 Dungeon Crawl Stone Soup version 0.22.0-49-gab54619 (webtiles) character file.

1649 Folque the Devout (level 9, -2/79 HPs)
             Began as an Ogre Arcane Marksman on Sept 6, 2018.
             Was a Priest of Zin.
             Slain by a bullfrog (4 damage)
             ... on level 6 of the Dungeon.
             The game lasted 01:00:00 (8220 turns).

Folque the Devout (Ogre Arcane Marksman)            Turns: 8220, Time: 01:00:01

Health: -2/79      AC:  4    Str: 21    XL:     9   Next: 0%
Magic:  3/15       EV: 14    Int: 14    God:    Zin [***...]
Gold:   114        SH:  0    Dex: 12    Spells: 3/16 levels left

rFire    + + .     SeeInvis .   g - +0 hunting sling
rCold    + . .     Gourm    +   (no shield)
rNeg     . . .     Faith    .   A - +1 robe of the Six Yaks {rF+ Regen+}
rPois    +         Spirit   .   (helmet restricted)
rElec    +         Reflect  .   u - scarf {cloud immunity}
rCorr    +         Harm     .   (gloves unavailable)
MR       +....                  (boots unavailable)
Stlth    +.........             q - amulet of the gourmand
HPRegen  0.63/turn              v - +4 ring of evasion
MPRegen  0.14/turn              r - ring of protection from magic (curse)

@: mighty, resistant, portal projectile, very slightly contaminated
A: large, unfitting armour, tough skin 1
a: Recite, Vitalisation, Imprison, Donate Gold, Renounce Religion, Cancel Portal
Projectile


You were on level 6 of the Dungeon.
You worshipped Zin.
Zin was most pleased with you.
You were not hungry.

You visited 1 branch of the dungeon, and saw 6 of its levels.

You collected 338 gold pieces.
You donated 224 gold pieces to Zin.

Inventory:

Hand Weapons
 c - a +0 scythe of protection
 g - a +0 hunting sling (weapon)
 j - a +0 spear
Missiles
 b - 6 sling bullets (quivered)
 d - 2 throwing nets
 n - 8 needles of sleeping
Armour
 a - a +0 robe
 u - a scarf of cloud immunity (worn)
 A - the +1 robe of the Six Yaks (worn) {rF+ Regen+}
   (You found it on level 5 of the Dungeon)

   It protects you from fire.
   It increases your rate of regeneration.
Jewellery
 p - an uncursed ring of ice
 q - an amulet of the gourmand (around neck)
 r - a cursed ring of protection from magic (right hand)
 v - a +4 ring of evasion (left hand)
Wands
 s - a wand of flame (26)
 y - a wand of digging (6)
Scrolls
 e - 2 scrolls of remove curse
 i - 2 scrolls of enchant weapon {unknown}
 k - 2 scrolls of identify
 x - a scroll of magic mapping {unknown}
Potions
 l - a potion of flight
 t - 2 potions of resistance
Comestibles
 f - 8 rations


   Skills:
 - Level 2.0 Fighting
 + Level 2.6(3.2) Slings
 - Level 3.6(4.3) Throwing
 + Level 2.5 Dodging
 - Level 4.2 Spellcasting
 - Level 5.0 Hexes
 - Level 1.0 Translocations
 - Level 2.7 Fire Magic
 * Level 7.0 Invocations


You had 3 spell levels left.
You knew the following spells:

 Your Spells              Type           Power        Failure   Level  Hunger
a - Corona                Hex            ###....      2%          1    None
b - Slow                  Hex            ###.....     3%          2    ##.....
c - Portal Projectile     Hex/Tloc       ##....       16%         3    ###....
d - Inner Flame           Hex/Fire       ##......     12%         3    ###....
e - Cause Fear            Hex            ###.......   24%         4    ####...

Your spell library contained the following spells:

 Spells                   Type           Power        Failure   Level  Hunger
 Leda's Liquefaction      Hex/Erth       ##........   56%         4    ####...


Dungeon Overview and Level Annotations

Branches:
Dungeon (6/15)             Temple (0/1) D:5

Altars:
Ashenzari
Cheibriados
Elyvilon
Ru
Sif Muna
Zin
The Shining One

Shops:
D:5 }


Innate Abilities, Weirdness & Mutations

You are too large for most types of armour.
You have tough skin. (AC +1)


Message History

Firing (i - inventory. (/) - cycle)
b - 7 sling bullets (quivered)
Press: ? - help, Shift-Dir - straight line, f/p - bullfrog
Aim: a bullfrog You magically shoot a sling bullet.
The sling bullet hits the bullfrog.
The bullfrog is moderately wounded.
The bullfrog hits you.
* * * LOW HITPOINT WARNING * * *
The bullfrog hits you.
* * * LOW HITPOINT WARNING * * *
Casting: Portal Projectile (safe; 16% risk of failure)
Confirm with . or Enter, or press ? or * to list all spells.
Okay, then.
As you read the scroll labeled XOMOAW HASIWYL, it crumbles to dust.
You hear a loud clanging noise!
It was a scroll of noise.
The bullfrog hits you.
* * * LOW HITPOINT WARNING * * *
It was a potion of might.
You feel very mighty all of a sudden. The bullfrog hits you.
You die...

............#...##
..#####...(.#....#
..#...#.....#....#
..#...#.....#...##
..'...#.....#....#
..###.#.....##'#)#
#####'###........#
....#...#........#
....#...#.....rF@#
....'...#........#
....#...#.......(......
...##...#..............
...#########...........
....# #....(......
....# #...........
..>.# #....(......
##### #...........


You could see a bullfrog and a quokka.

Vanquished Creatures
  Sigmund (D:5)
  A sky beast (D:6)
  2 ice beasts
  4 centaurs
  An ogre (D:6)
  A bullfrog (D:5)
  2 scorpions
  A howler monkey (D:6)
  2 crimson imps (D:5)
  A centaur zombie (D:5)
  A centaur skeleton (D:5)
  2 orc priests
  2 orc wizards
  Jessica (D:3)
  3 worker ants
  A hound zombie (D:6)
  A howler monkey zombie (D:6)
  4 gnolls
  9 adders
  3 shadow imps (D:5)
  An adder zombie (D:6)
  3 worms
  2 dart slugs
  5 leopard geckos
  7 orcs
  7 giant cockroaches
  4 hobgoblins
  10 jackals
  3 kobolds
  2 quokkas
  6 bats
  4 frilled lizards
  7 goblins
  9 rats
  A plant (D:4)
114 creatures vanquished.

Notes
Turn   | Place    | Note
-------+----------+-------------------------------------------
     0 | D:1      | Folque the Ogre Arcane Marksman began the quest for the
                  | Orb.
     0 | D:1      | Reached XP level 1. HP: 19/19 MP: 2/2
   617 | D:1      | Reached XP level 2. HP: 1/27 MP: 5/5
   710 | D:1      | Learned a level 2 spell: Slow
  1013 | D:1      | Reached XP level 3. HP: 33/33 MP: 5/7
  1371 | D:1      | Learned a level 3 spell: Portal Projectile
  2149 | D:2      | Reached skill level 1 in Translocations
  2685 | D:3      | Reached XP level 4. HP: 33/42 MP: 2/8
  2901 | D:3      | Found a shattered altar of Ashenzari.
  3018 | D:3      | Found a white marble altar of Elyvilon.
  3640 | D:3      | Noticed Jessica
  3660 | D:3      | Killed Jessica
  3660 | D:3      | Reached skill level 1 in Slings
  3660 | D:3      | Reached XP level 5. HP: 43/49 MP: 3/9
  3666 | D:3      | Learned a level 3 spell: Inner Flame
  3926 | D:3      | Found a glowing silver altar of Zin.
  3930 | D:3      | Became a worshipper of Zin the Law-Giver
  3930 | D:3      | Reached * piety under Zin
  4572 | D:4      | Reached skill level 1 in Invocations
  5296 | D:5      | Entered Level 5 of the Dungeon
  5299 | D:5      | Noticed an ice beast
  5312 | D:5      | Killed an ice beast
  5312 | D:5      | Reached skill level 1 in Fire Magic
  5312 | D:5      | Reached skill level 2 in Invocations
  5312 | D:5      | Reached XP level 6. HP: 40/57 MP: 2/10
  5518 | D:5      | Donated 96 gold pieces to Zin
  5576 | D:5      | Got a bloodstained robe
  5587 | D:5      | Identified the +1 robe of the Six Yaks {rF+ Regen+} (You
                  | found it on level 5 of the Dungeon)
  5649 | D:5      | Found a staircase to the Ecumenical Temple.
  5657 | D:5      | Found Pyfas's Gadget Emporium.
  5717 | D:5      | Noticed Sigmund
  5751 | D:5      | Reached XP level 7. HP: 20/65 MP: 3/11
  5762 | D:5      | Reached ** piety under Zin
  5836 | D:5      | Killed Sigmund
  5836 | D:5      | Reached skill level 3 in Invocations
  6126 | D:5      | Reached skill level 4 in Invocations
  6394 | D:5      | Reached skill level 5 in Hexes
  6394 | D:5      | Reached XP level 8. HP: 36/72 MP: 8/13
  6500 | D:5      | Reached skill level 5 in Invocations
  6870 | D:5      | Found a snail-covered altar of Cheibriados.
  7171 | D:5      | Learned a level 4 spell: Cause Fear
  7219 | D:6      | Found a glowing golden altar of the Shining One.
  7372 | D:6      | Reached skill level 6 in Invocations
  7781 | D:6      | Found a sacrificial altar of Ru.
  7784 | D:6      | Found a deep blue altar of Sif Muna.
  7787 | D:6      | Found a snail-covered altar of Cheibriados.
  7915 | D:6      | Donated 95 gold pieces to Zin
  7946 | D:6      | Reached *** piety under Zin
  8198 | D:6      | Reached skill level 7 in Invocations
  8198 | D:6      | Reached XP level 9. HP: 20/79 MP: 3/15
  8219 | D:6      | HP: 2/79 [bullfrog (6)]
  8220 | D:6      | Slain by a bullfrog

Skill      XL: |  1  2  3  4  5  6  7  8 |
---------------+-------------------------+-----
Spellcasting   | 2 3 4 |  4.2
Hexes          | 3 4 5 |  5.0
Translocations | 1 |  1.0
Fighting       | 2 |  2.0
Slings         | 1 2 |  2.6
Invocations    | 2 4 7 |  7.0
Fire Magic     | 1 2 |  2.7
Throwing       | 3 |  3.6
Dodging        | 2 |  2.5

Action                   |  1- 3 |  4- 6 |  7- 9 || total
-------------------------+-------+-------+-------++-------
Melee: Unarmed           |    29 |       |       ||    29
       Spear             |   122 |   234 |   127 ||   483
 Fire: Hunting sling     |     4 |    40 |   127 ||   171
Throw: Large rock        |     2 |    11 |    20 ||    33
       Throwing net      |       |       |     1 ||     1
 Cast: Corona            |    29 |    39 |    32 ||   100
       Slow              |     7 |    23 |    18 ||    48
       Portal Projectile |       |     6 |    16 ||    22
       Inner Flame       |       |     1 |     7 ||     8
       Cause Fear        |       |       |     1 ||     1
Invok: Recite            |       |     4 |    15 ||    19
       Donate Gold       |       |     1 |     1 ||     2
Evoke: Wand              |       |     4 |     1 ||     5
  Use: Scroll            |     2 |     7 |     4 ||    13
       Potion            |       |     1 |     5 ||     6
 Stab: Sleeping          |     2 |     2 |       ||     4
  Eat: Chunk             |     5 |    13 |     5 ||    23
       Ration            |       |     1 |     2 ||     3
Armor: Robe              |    40 |    27 |    36 ||   103
Dodge: Dodged            |    83 |   141 |   187 ||   411
